 Dungeon Crawl Stone Soup version 0.26.0-15-gc6cd9f700b (webtiles) character file.

Game seed: 13549309649299295215

38 lastplaneout the Charlatan (level 3, -2/20 HPs)
             Began as a Kobold Artificer on Jan 17, 2021.
             Engulfed by a cloud of flame (17 damage)
             ... on level 2 of the Dungeon.
             The game lasted 00:04:30 (2057 turns).

lastplaneout the Charlatan (Kobold Artificer)       Turns: 2057, Time: 00:04:31

Health: -2/20      AC:  3    Str: 10    XL:     3   Next: 65%
Magic:  3/3        EV: 14    Int: 12    God:
Gold:   91         SH:  0    Dex: 15    Spells: 2/2 levels left

rFire    . . .     SeeInvis .   j - +0 short sword
rCold    . . .     Faith    .   (shield restricted)
rNeg     . . .     Spirit   .   b - +0 leather armour
rPois    .         Reflect  .   (no helmet)
rElec    .         Harm     .   (no cloak)
rCorr    .         Rampage  .   (no gloves)
Will     .....                  (no boots)
Stlth    +++.......             (no amulet)
HPRegen  0.06/turn              (no ring)
MPRegen  0.08/turn              (no ring)

@: no status effects
A: small, nightstalker 3
a: no special abilities


You were on level 2 of the Dungeon.
You visited 1 branch of the dungeon, and saw 2 of its levels.

You collected 91 gold pieces.

Inventory:

Hand Weapons
 j - a +0 short sword (weapon)
Armour
 b - a +0 leather armour (worn)
Jewellery
 h - an uncursed amulet of regeneration {unknown}
Wands
 c - a wand of flame (15) (quivered)
 d - a wand of enslavement (15)
 e - a wand of random effects (15)
Scrolls
 f - 2 scrolls of identify {unknown}
 i - a scroll of fog {unknown}
 k - 2 scrolls of random uselessness {unknown}
 l - a scroll of teleportation {unknown}
 m - a scroll of enchant armour {unknown}
Potions
 a - a potion of heal wounds {unknown}
 g - a potion of curing {unknown}


   Skills:
 - Level 1.1 Fighting
 - Level 0.7 Armour
 - Level 2.4 Dodging
 - Level 1.3 Stealth
 + Level 5.3 Evocations


You had 2 spell levels left.
You didn't know any spells.
Your spell library was empty.

Dungeon Overview and Level Annotations

Branches:
Dungeon (2/15)

Altars:
Ashenzari
Trog


Innate Abilities, Weirdness & Mutations

You are small and have problems with some larger weapons.
You are completely attuned to the shadows.


Message History

The dart slug is heavily wounded.
The dart slug launches a dart at you. The slug dart misses you.
You hit the dart slug.
The dart slug is severely wounded.
The dart slug barely misses you.
You hit the dart slug.
The dart slug is almost dead.
The dart slug bites you.
You hit the dart slug but do no damage.
The dart slug is almost dead.
The dart slug bites you.
You hit the dart slug.
You kill the dart slug!
You see here a dart slug corpse.
Found a bloodstained altar of Trog.
The spellbook bursts into flames!
Trog roars with delight!
You are engulfed in blazing flames.
Ouch! That really hurt!
You die...

##### #...#
#.#†#######
#†#........##
##.####.........
#...# #.[#.###.###
#.@.# #..# #.....#
#...# #..###.#.#.##
#._.###.......†....
#...#....###.#.#.##
#######..#...#.#...
.....#.###.###.
.#.#...........
#...###).[....
##### ########


There were no monsters in sight!

Vanquished Creatures
  3 dart slugs
  6 bats
  A giant cockroach (D:1)
  4 goblins (D:1)
  3 hobgoblins (D:1)
  2 jackals (D:1)
  2 ball pythons (D:1)
  3 frilled lizards
  3 kobolds (D:1)
  3 rats (D:1)
30 creatures vanquished.

Notes
Turn   | Place    | Note
-------+----------+-------------------------------------------
     0 | D:1      | lastplaneout the Kobold Artificer began the quest for the
                  | Orb.
     0 | D:1      | Reached XP level 1. HP: 12/12 MP: 1/1
   182 | D:1      | Reached skill level 4 in Evocations
   412 | D:1      | Reached XP level 2. HP: 16/16 MP: 2/2
  1287 | D:1      | Reached XP level 3. HP: 18/20 MP: 3/3
  1439 | D:1      | Reached skill level 5 in Evocations
  1714 | D:2      | Found a broken altar of Ashenzari.
  2055 | D:2      | Found a bloodstained altar of Trog.
  2057 | D:2      | Engulfed by a cloud of flame

Illustrated notes

Levels and vault maps discovered:
D:1:      eino_arrival_cavern_e, layout_basic
D:2:      layout_basic, marbit_many_paths, nicolae_ashenzari_panopticon,
          nrook_campfire, minmay_misc_feat_roman, trog_book

Skill      XL: |  1  2  3 |
---------------+----------+-----
Evocations     | 4 5 |  5.3
Fighting       | |  1.1
Armour         | |  0.7
Dodging        | |  2.4
Stealth        | |  1.3

Action                   || total
-------------------------++-------
Melee: Club              ||    92
       Short sword       ||    39
 Stab: Sleeping          ||    12
Armor: Leather armour    ||    31
Dodge: Dodged            ||   103
